 Dungeon Crawl Stone Soup version 0.28-a0-556-gab23d0e057 (webtiles) character file.

Game seed: 488753545430350092

52 BR41ND34D the Caller (level 3, 0/26 HPs)
             Began as a Demonspawn Summoner on Sept 28, 2021.
             Slain by a goblin (3 damage)
             ... led by Robin
             ... on level 3 of the Dungeon on Sept 29, 2021.
             The game lasted 00:11:43 (2498 turns).

BR41ND34D the Caller (Demonspawn Summoner)          Turns: 2498, Time: 00:11:43

Health: 0/26       AC:  4    Str:  8    XL:     3   Next: 60%
Magic:  3/6        EV: 12    Int: 17    God:
Gold:   29         SH:  4    Dex: 13    Spells: 1/7 levels left

rFire   + . .      SeeInvis .   e - +0 short sword
rCold   . . .      Faith    .   (no shield)
rNeg    . . .      Spirit   .   a - +0 robe
rPois   .          Reflect  .   b - +0 helmet
rElec   .          Harm     .   (no cloak)
rCorr   .          Rampage  .   (no gloves)
Will    .....                   h - +0 pair of boots
Stlth   ++........              (no amulet)
HPRegen 0.08/turn               g - ring of protection from fire
MPRegen 0.10/turn               (no ring)

@: brilliant, attractive, flying
A: condensation shield
a: no special abilities


You were on level 3 of the Dungeon.
You visited 1 branch of the dungeon, and saw 3 of its levels.

You collected 29 gold pieces.

Inventory:

Hand Weapons
 e - a +0 short sword (weapon)
Missiles
 i - 2 boomerangs
Armour
 a - a +0 robe (worn)
 b - a +0 helmet (worn)
 c - a +0 plate armour
 h - a +0 pair of boots (worn)
Magical Staves
 n - a staff of air
Jewellery
 g - a ring of protection from fire (left hand)
Scrolls
 d - a scroll of magic mapping {unknown}
 k - a scroll of enchant armour {unknown}
 m - a scroll of identify {unknown}
 o - a scroll of summoning {unknown}


   Skills:
 + Level 1.0 Fighting
 + Level 2.2 Dodging
 - Level 2.0 Stealth
 * Level 2.5 Spellcasting
 * Level 4.5 Summonings


You had one spell level left.
You knew the following spells:

 Your Spells              Type           Power      Damage    Failure   Level
a - Summon Small Mammal   Summ           100%       N/A       3%          1
b - Call Imp              Summ           26%        N/A       4%          2
c - Call Canine Familiar  Summ           26%        N/A       9%          3

Your spell library contained the following spells:

 Spells                   Type           Power      Damage    Failure   Level
 Animate Skeleton         Necr           6%         N/A       19%         1
 Pain                     Necr           12%        1d4       19%         1
 Summon Guardian Golem    Hex/Summ       14%        N/A       22%         3
 Vampiric Draining        Necr           1%         2d6       50%         3
 Summon Lightning Spire   Summ/Air       14%        N/A       58%         4
 Summon Forest            Summ/Tloc      7%         N/A       90%         5
 Summon Mana Viper        Hex/Summ       14%        N/A       90%         5
 Summon Cactus Giant      Summ           13%        N/A       99%         6


Dungeon Overview and Level Annotations

Branches:
Dungeon (3/15)

Altars:
Cheibriados

Shops:
D:2 =

Annotations:
D:3 Robin


Innate Abilities, Weirdness & Mutations

A meltable shield of frost defends you. (SH +4)


Message History

The ball python is moderately wounded.
The goblin hits you with a +0 dagger. The ball python closely misses you.
The ball python constricts you. You block the goblin's attack.
You hit the ball python.
You kill the ball python!
The goblin completely misses you. The hobgoblin hits you.
The goblin hits you with a +0 dagger.
* * * LOW HITPOINT WARNING * * *
Your Fighting skill increases to level 1!
The goblin hits you with a +0 dagger.
* * * LOW HITPOINT WARNING * * *
The goblin hits you but does no damage. Robin throws the goblin at you!
* * * LOW HITPOINT WARNING * * *
The goblin hits you but does no damage.
It was a potion of attraction.
You feel attractive to monsters. The goblin barely misses you.
Your iron imp hits the hobgoblin!
The hobgoblin dies!
Robin says, "Kneel, worm!"
The goblin hits you but does no damage. Robin is attracted toward you.
The hobgoblin is attracted toward you. x2
It was a potion of flight.
You feel very buoyant.
You fly up into the air.
Your iron imp closely misses the goblin.
The goblin completely misses you.
It was a potion of brilliance.
You feel clever all of a sudden. The goblin barely misses you.
You block the goblin's attack. Robin barely misses you.
Your iron imp hits the goblin!
The goblin dies!
The goblin hits you but does no damage. The goblin is attracted toward you.
You hit the fungus but do no damage.
The goblin hits you but does no damage. x3
Your iron imp barely misses the hobgoblin.
The hobgoblin is attracted toward you.
You hit the fungus.
The fungus begins to die.
The fungus is lightly damaged.
The goblin hits you with a +0 dagger.
You die...

###.....#########..#
###.....#####......#
....................#
####.....###......#.#
#.....# #.######.#
##...## #.######.#
#...# #........#
#...## #gP._.P..#
..##....###@g......
#..........#g##.....
..##.......#gg......
#........g.5......
....#......g.#####.
###.##........#
#.###......#######
#.......§#§......#
...........#..###


You could see Robin, 2 hobgoblins, 4 goblins and a friendly iron imp (summoned).

Vanquished Creatures
  A dart slug (D:2)
  2 ball pythons (D:3)
  3 bats (D:1)
  An endoplasm (D:1)
  A giant cockroach (D:2)
  4 goblins
  A hobgoblin (D:2)
  6 kobolds
  5 rats
24 creatures vanquished.

Vanquished Creatures (collateral kills)
  A dart slug (D:1)
  A ball python (D:1)
  An endoplasm (D:1)
  A giant cockroach (D:1)
  6 goblins
  2 hobgoblins
  A quokka (D:3)
  3 kobolds
  2 rats
18 creatures vanquished.

Grand Total: 42 creatures vanquished

Notes
Turn   | Place    | Note
-------+----------+-------------------------------------------
     0 | D:1      | BR41ND34D the Demonspawn Summoner began the quest for the
                  | Orb.
     0 | D:1      | Reached XP level 1. HP: 13/13 MP: 3/3
   554 | D:1      | Gained mutation: A meltable shield of frost defends you.
                  | (SH +4) [demonic ancestry]
   554 | D:1      | Reached XP level 2. HP: 19/19 MP: 5/5
   753 | D:1      | Learned a level 2 spell: Call Imp
  1573 | D:2      | Reached XP level 3. HP: 25/25 MP: 6/6
  1767 | D:2      | Found Dahir's Jewellery Shop.
  2067 | D:2      | Learned a level 3 spell: Call Canine Familiar
  2441 | D:3      | Found a snail-covered altar of Cheibriados.
  2458 | D:3      | Noticed Robin
  2491 | D:3      | Reached skill level 1 in Fighting
  2498 | D:3      | Slain by a goblin

Illustrated notes

Levels and vault maps discovered:
D:1:      dpeg_arrival_shrine, layout_basic
D:2:      layout_loops_cross, serial_shops, shop, minmay_misc_feat_roman
D:3:      layout_rooms, mainiacjoe_overflow_tiny_flanked,
          mainiacjoe_overflow_24_doors, uniq_robin

Skill      XL: |  1  2  3 |
---------------+----------+-----
Stealth        | 2 |  2.0
Dodging        | 2 |  2.2
Fighting       | 1 |  1.0
Spellcasting   | |  2.5
Summonings     | |  4.5

Action                   || total
-------------------------++-------
Melee: Dagger            ||    13
       Unarmed           ||     6
       Short sword       ||    99
 Cast: Summon Small Mamm ||     8
       Call Imp          ||    14
  Use: Potion            ||     3
 Stab: Sleeping          ||     7
Armor: Robe              ||    32
Dodge: Dodged            ||    81
Block: Other             ||    22

Table legend: (Time is in decaauts)
 A = Elapsed time spent in this place.
 B = Non-inter-level travel time spent in this place.
 C = Inter-level travel time spent in this place.
 D = Time resting spent in this place.
 E = Time spent auto-exploring this place.
 F = Levels seen in this place.
 G = Mean time per level.
                   A        B        C        D        E       F      G
               +--------+--------+--------+--------+--------+-----+--------+
         Total |   2508 |   2482 |     26 |    557 |   1419 |   3 |  836.0 |
       Dungeon |   2508 |   2482 |     26 |    557 |   1419 |   3 |  836.0 |
               +--------+--------+--------+--------+--------+-----+--------+

Top non-repeatable levels by time:
     D:1: 1533 daAuts
     D:2: 739 daAuts
     D:3: 234 daAuts
